 Dungeon Crawl Stone Soup version 0.18-a0-1764-gf4ddf0b (webtiles) character file.

193508 Moloch the Phalangite (level 18, -12/141 HPs)
             Began as a Centaur Berserker on Apr 13, 2016.
             Was the Champion of Trog.
             Mangled by a death yak (20 damage)
             ... summoned by a spriggan berserker
             ... on level 4 of the Depths.
             The game lasted 01:59:36 (37344 turns).

Moloch the Phalangite (Centaur Berserker)          Turns: 37344, Time: 01:59:36

Health: -12/141    AC: 29    Str: 28    XL:     18   Next: 7%
Magic:  0/9        EV:  6    Int:  8    God:    Trog [******]
Gold:   4128       SH:  0    Dex: 22    Spells: 0 memorised, 17 levels left

rFire  + . .     SeeInvis +     z - +7 glaive (antimagic)
rCold  + + .     Gourm    .     R - +1 plate armour {rF+}
rNeg   . . .     Faith    +     (shield currently unavailable)
rPois  +         Spirit   .     I - +0 mask of the Dragon {MR+ Slay+3 SInv}
rElec  +         Dismiss  .     g - +2 cloak {MR+}
rCorr  +         Reflect  .     q - +2 pair of gloves of Uniwkawk {rElec rCorr MP+9 Dex+3}
SustAt .         Harm     .     s - +2 centaur barding {rC+}
MR     +++..     Clarity  +     Z - amulet of faith
Stlth  ..........               y - ring of protection from cold
                                w - +4 ring of strength

@: exhausted, slowed, extremely resistant to hostile enchantments, extremely
unstealthy
A: hooves 3, repulsion field 1, molten scales 1, yellow scales 1, agile 2,
berserk 1, blink, blurry vision 1, clarity, clever 1, deformed body, speed 2,
poison resistance, screaming 1, strong 1, tough skin 3, evolution 1
a: Blink, Berserk, Trog's Hand, Brothers in Arms, Burn Spellbooks, Renounce
Religion


You were on level 4 of the Depths.
You worshipped Trog.
Trog was exalted by your worship.
You were very hungry.

You visited 5 branches of the dungeon, and saw 30 of its levels.
You also visited: Labyrinth, Ossuary, Bailey, Ice Cave and Volcano.

You collected 4128 gold pieces.

Inventory:

Hand Weapons
 z - a +7 antimagic glaive (weapon)
 M - a +1 halberd of flaming
Missiles
 J - 2 throwing nets
 L - 20 javelins (quivered)
 P - 21 javelins of returning
Armour
 g - a +2 cloak of magic resistance (worn)
 q - the +2 pair of gloves of Uniwkawk (worn) {rElec rCorr MP+9 Dex+3}
   (You acquired it on level 4 of the Lair of Beasts)

   It affects your dexterity (+3).
   It insulates you from electricity.
   It affects your magic capacity (+9).
   It protects you from acid and corrosion.
 s - a +2 centaur barding of cold resistance (worn)
 I - the +0 mask of the Dragon (worn) {MR+ Slay+3 SInv}
   (You found it in an ice cave)

   It affects your accuracy and damage with ranged weapons and melee attacks
   (+3).
   It affects your resistance to hostile enchantments.
   It lets you see invisible.
 R - a +1 plate armour of fire resistance (worn)
Rods
 G - a +5 rod of ignition (14/14)
   (You found it in a labyrinth)
Jewellery
 p - an uncursed ring of flight
 w - a +4 ring of strength (left hand)
 y - a ring of protection from cold (right hand)
 W - an uncursed ring of poison resistance
 Z - an amulet of faith (around neck)
Wands
 A - a wand of digging (1/24)
 F - a wand of teleportation (4/9)
 T - a wand of teleportation (6/9)
Scrolls
 a - 5 scrolls of teleportation
 j - 10 scrolls of recharging
 n - 3 scrolls of fog
 r - a scroll of fear
 t - 11 scrolls of identify
 C - 6 scrolls of remove curse
 D - 5 scrolls of blinking
 E - 3 scrolls of acquirement
 K - a scroll of enchant armour
 N - 2 scrolls of magic mapping
 V - a scroll of enchant weapon
Potions
 d - 5 potions of haste
 e - 2 potions of ambrosia
 h - 5 potions of might
 i - 4 potions of flight
 k - 13 potions of curing
 l - a potion of experience
 m - 8 potions of heal wounds
 o - 2 potions of agility
 u - a potion of invisibility
 v - 4 potions of cancellation
 x - 3 potions of cure mutation
 B - a potion of magic
 U - a potion of resistance
 X - 5 potions of brilliance
 Y - 2 potions of berserk rage
Comestibles
 b - 23 fruits
 c - 13 bread rations
 f - 14 meat rations
 H - 5 chunks of flesh


   Skills:
 + Level 8.1 Fighting
 + Level 25.2 Polearms
 + Level 7.7 Armour
 - Level 1.3 Dodging


You had 17 spell levels left.
You didn't know any spells.

Dungeon Overview and Level Annotations

Branches:
Dungeon (15/15)            Temple (1/1) D:4            Lair (8/8) D:9
  Swamp (0/4) Lair:3        Snake (0/4) Lair:3        Slime (0/6) Lair:6
    Orc (2/2) D:12            Elf (0/3) Orc:2        Vaults (0/5) D:14
 Depths (4/5) D:15

Altars:
Ashenzari
Cheibriados
Dithmenos
Elyvilon
Fedhas
Gozag
Kikubaaqudgha
Makhleb
Nemelex Xobeh
Okawaru
Pakellas
Qazlal
Ru
Sif Muna
Trog
Vehumet
Xom
Yredelemnul
Zin
The Shining One

Shops:
D:6 }   D:11 *   D:12 (   D:15 *   Orc:2 *(:}

Portals:
Hell: Lair:8 Depths:1 Depths:2 Depths:4

Annotations:
D:4 exclusion: statue
Depths:3 exclusion: orange crystal statue


Innate Abilities, Weirdness & Mutations

You have hooves in place of feet.
Armour fits poorly on your strangely shaped body.
You cover ground very quickly.
You have extremely tough skin (AC +3).
You are surrounded by a mild repulsion field (EV +2).
You are partially covered in molten scales (AC +1).
You are partially covered in yellow scales (AC +2).
You are very agile. (Dex +4)
You tend to lose your temper in combat.
You can translocate small distances at will.
Scrolls take you a little longer to read.
You possess an exceptional clarity of mind.
Your mind is acute. (Int +2)
Your system is resistant to poisons.
You occasionally shout uncontrollably at your foes.
Your muscles are strong. (Str +2)
You evolve.


Message History

Drink which item? (? for menu, Esc to quit)
You feel much better.
The death yak gores you but does no damage.
Your hill giant hits the death yak with a giant club!!!
The spriggan berserker hits your hill giant with an antimagic flail!!
The death yak closely misses you.
The spriggan berserker hits your hill giant but does no damage.
Your hill giant closely misses the spriggan berserker.
Unknown command.
Your stone giant goes berserk!
You are feeling very hungry.
The death yak gores you!!
* * * LOW HITPOINT WARNING * * *
The spriggan berserker hits your hill giant with an antimagic flail!!!
Your hill giant hits the spriggan berserker with a giant club!!!
The spriggan berserker dies!
Trog accepts your kill.
Your life force feels restored.
The death yak gores you!!
You die...

##..(####[.###...#
##...#####)...#...#
##...##..###.#####.#
##..[##...##........#
##...##....##........#
#...##.....##.......##
####......#..##.......#
##..##..(.##..##.......#
##....##..##@C.##.>.....#
##...[..####YC.###.......#
##∩..##...##.).##
#.......#
##...####......##
#.......#
##...##..##....##
#.......# #..†##....##..##
#.......# ...##..si..####
#######'# ..##...#
#.......# .##...#
#.......#


You could see a death yak (berserk), a friendly stone giant (berserk) and a
friendly hill giant (berserk).

Vanquished Creatures
  Jorgrun (Depths:2)
  Gastronok (Lair:2)
  A shadow dragon (Depths:4)
  2 fire giants
  4 frost giants
  An orc warlord (Orc:2)
  A war gargoyle (Depths:3)
  6 very ugly things
  A vampire knight (Depths:3)
  9 stone giants
  A dire elephant (Lair:8)
  An ettin (Depths:4)
  5 vault guards (D:14)
  A minotaur (Lab)
  2 merfolk javelineers (Depths:2)
  Josephine (Lair:4)
  3 entropy weavers
  4 fire dragons
  The ghost of ThereIsNoGod the Cleaver, a journeyman MiFi of Okawaru (D:10)
  A great orb of eyes (shapeshifter) (Depths:3)
  2 great orbs of eyes
  5 rakshasas
  4 ice dragons
  Fannar (D:10)
  A hell beast (Depths:1)
  4 spriggan air magi
  A centaur warrior (D:13)
  7 hydras
  An ogre mage (Depths:3)
  A death knight (D:14)
  A vampire mage (Depths:2)
  A deep troll shaman (Depths:4)
  3 tengu warriors (Depths:2)
  A dancing weapon (Depths:3)
  5 deep troll earth magi
  Urug (Lair:2)
  A spriggan berserker (Depths:3)
  9 death yaks (Lair:8)
  2 sun demons
  8 orc high priests (Orc:2)
  2 soul eaters (Depths:3)
  2 shadow wraiths (Depths:3)
  4 wizards
  The ghost of Moloch the Cleaver, a novice MiBe of Trog (D:7)
  3 skeletal warriors (Depths:3)
  2 iron trolls
  The ghost of Fartwhistle the Martial Artist, a novice KoTm of Cheibriados (D:8)
  8 deep trolls
  2 death drakes (Depths:3)
  A hill giant (D:15)
  3 unseen horrors (D:13)
  3 flayed ghosts (Depths:3)
  3 giant orange brains
  An orange crystal statue (Depths:3)
  2 phantasmal warriors
  2 mana vipers (Depths:3)
  10 orc knights
  A necromancer (IceCv)
  A cyclops (shapeshifter) (Depths:2)
  5 orc sorcerers
  16 ugly things
  2 deep elf magi (Volcano)
  3 manticores
  A sixfirhy (Lair:8)
  5 oklob plants
  2 cyclopes (D:15)
  5 elephants (Lair:8)
  2 griffons (Lair:8)
  A smoke demon (Lair:8)
  6 black mambas
  A torpor snail (Lair:8)
  4 orange demons (Lair:8)
  Psyche (D:9)
  Joseph (D:7)
  13 spiny frogs
  3 centaur skeletons
  4 ice statues (IceCv)
  3 gargoyles
  A kobold demonologist (D:11)
  2 efreet (D:15)
  8 komodo dragons
  An anaconda simulacrum (Depths:3)
  3 rime drakes (Lair:8)
  A spectral merfolk (Depths:3)
  5 freezing wraiths
  14 yaktaurs
  2 tengu conjurers (D:15)
  12 ice devils
  19 trolls
  A red devil (Lair:8)
  Prince Ribbit (D:6)
  Grinder (D:3)
  A jumping spider (Depths:3)
  7 two-headed ogres
  3 raiju (Depths:3)
  3 blink frogs (Lair:2)
  5 slime creatures (Depths:2)
  4 flying skulls (Depths:1)
  12 wraiths
  7 redbacks
  3 air elementals (Depths:2)
  11 water elementals
  A tarantella (Depths:3)
  3 vampires (Depths:3)
  54 yaks
  A fire bat (Volcano)
  A wyvern (shapeshifter) (Depths:3)
  6 wyverns
  7 shadows
  A golden eye (shapeshifter) (D:13)
  13 hippogriffs
  9 vampire mosquitoes
  4 basilisks
  The ghost of skk the Sneak, an amateur DsAs (D:4)
  6 hungry ghosts
  Edmund (D:6)
  11 wargs
  A hog (Volcano)
  Menkaure (Ossuary)
  2 mottled dragons
  3 nagas (Lair:3)
  12 water moccasins
  An entropy weaver simulacrum (Depths:1)
  2 spectral trolls (Depths:3)
  Duvessa (D:7)
  A giant eyeball (Depths:3)
  8 hell hounds
  6 porcupines
  3 spectral spriggans (Depths:3)
  37 orc warriors
  4 ice beasts
  2 sky beasts (D:7)
  2 black bears (D:7)
  2 phantoms
  9 wolves
  An eye of draining (D:15)
  A snapping turtle zombie (Depths:3)
  5 boggarts (Depths:2)
  13 ogres
  5 centaurs
  4 necrophages (D:8)
  16 crocodiles
  4 big kobolds
  28 giant frogs
  A gnoll sergeant (D:9)
  Dowan (D:7)
  2 wyvern skeletons
  A water moccasin skeleton (D:5)
  2 scorpions
  3 spectral ogres (Depths:3)
  2 spectral nagas (Depths:3)
  12 killer bees
  21 wights
  4 electric eels
  A vampire bat (Orc:2)
  11 howler monkeys
  2 spectral centaurs (Depths:3)
  A lava snake (Lair:7)
  10 crimson imps
  2 draconian simulacra (IceCv)
  4 centaur zombies
  A giant frog zombie (D:8)
  A quasit (D:11)
  3 jellies
  2 giant frog skeletons
  24 orc priests
  6 hounds
  25 orc wizards
  9 iguanas
  Crazy Yiuf (D:6)
  Natasha (thrice) (D:3)
  7 hell rats (Lair:3)
  4 troll simulacra (IceCv)
  4 worker ants
  11 sheep
  A killer bee zombie (D:5)
  2 centaur simulacra (IceCv)
  2 hound skeletons (D:9)
  3 mummies (Ossuary)
  Robin (D:3)
  12 gnolls
  A howler monkey zombie (D:5)
  2 ogre simulacra (IceCv)
  18 adders
  97 river rats
  2 shadow imps
  An ooze (D:1)
  An adder zombie (D:6)
  2 worms (D:2)
  A dart slug (D:3)
  3 giant geckos
  81 orcs
  A ball python (D:4)
  20 goblins
  18 hobgoblins
  19 jackals
  5 quokkas
  15 bats
  A giant gecko skeleton (D:4)
  8 giant newts
  6 gnoll skeletons (Ossuary)
  2 gnoll zombies (Ossuary)
  4 goblin skeletons (Ossuary)
  2 goblin zombies (Ossuary)
  3 hobgoblin skeletons (Ossuary)
  3 hobgoblin zombies (Ossuary)
  35 kobolds
  2 kobold zombies (Ossuary)
  An orc skeleton (Ossuary)
  4 orc zombies (Ossuary)
  A quokka skeleton (D:4)
  33 rats
  4 rat skeletons (Ossuary)
  A rat zombie (Ossuary)
  A spectral orc (D:9)
  3 fungi
  3 plants
1262 creatures vanquished.

Vanquished Creatures (collateral kills)
  A Tzitzimitl (Depths:3)
  A stone giant (Depths:3)
  An ice dragon (Depths:3)
  A deep troll shaman (Depths:3)
  A dancing weapon (Depths:3)
  A spriggan berserker (Depths:4)
  A deep troll earth mage (Depths:3)
  Sonja (Orc:2)
  2 deep trolls (Depths:3)
  2 oklob plants (Lair:6)
  A komodo dragon (Lair:7)
  2 yaktaurs (Depths:3)
  A blink frog (Lair:2)
  An orc warrior (Orc:2)
  A giant frog (Lair:2)
  A merfolk simulacrum (Depths:3)
  An orc (Orc:2)
20 creatures vanquished.

Vanquished Creatures (others)
  A centaur (D:7)
  A wolf (Depths:3)
  A giant frog (D:7)
  A crimson imp (D:7)
  An iguana (D:7)
  A gnoll (D:7)
  An orc (D:7)
  2 gnoll skeletons (Ossuary)
  2 goblin skeletons (Ossuary)
  A goblin zombie (Ossuary)
  A hobgoblin skeleton (Ossuary)
  4 hobgoblin zombies (Ossuary)
  3 kobold zombies (Ossuary)
  2 orc zombies (Ossuary)
  2 rat skeletons (Ossuary)
  A rat zombie (Ossuary)
  A bush (Lair:8)
  53 fungi
  A lost soul (Depths:3)
  32 plants
112 creatures vanquished.

Grand Total: 1394 creatures vanquished

Notes
Turn   | Place    | Note
--------------------------------------------------------------
     0 | D:1      | Moloch the Centaur Berserker began the quest for the Orb.
     0 | D:1      | Reached XP level 1. HP: 19/19 MP: 1/1
   138 | D:1      | Reached skill level 3 in Polearms
   333 | D:1      | Reached XP level 2. HP: 24/26 MP: 2/2
   876 | D:2      | Reached XP level 3. HP: 31/31 MP: 3/3
  1008 | D:2      | Reached ** piety under Trog
  1008 | D:2      | Reached skill level 4 in Polearms
  1102 | D:2      | Reached XP level 4. HP: 38/38 MP: 4/4
  1671 | D:2      | Reached skill level 5 in Polearms
  1878 | D:3      | Noticed Robin
  2123 | D:3      | Killed Robin
  2123 | D:3      | Reached XP level 5. HP: 45/45 MP: 5/5
  2168 | D:3      | Noticed Natasha
  2175 | D:3      | Noticed Grinder
  2177 | D:3      | Killed Natasha
  2195 | D:3      | Killed Grinder
  2195 | D:3      | Reached skill level 6 in Polearms
  2195 | D:3      | Reached XP level 6. HP: 51/51 MP: 6/6
  2220 | D:3      | Noticed Natasha
  2240 | D:3      | Killed Natasha
  2375 | D:3      | Reached *** piety under Trog
  2446 | D:3      | Found a glowing golden altar of the Shining One.
  2581 | D:3      | Noticed Natasha
  2600 | D:3      | Killed Natasha
  2618 | D:3      | Reached skill level 7 in Polearms
  2818 | D:4      | Noticed skk's ghost (amateur DsAs)
  2862 | D:4      | Reached XP level 7. HP: 46/57 MP: 7/7
  2881 | D:4      | Reached skill level 8 in Polearms
  2929 | D:4      | Found a radiant altar of Vehumet.
  3021 | D:4      | Found a sand-covered staircase.
  3026 | Ossuary  | Entered an ossuary
  3374 | Ossuary  | Noticed Menkaure
  3383 | Ossuary  | Killed Menkaure
  3494 | D:4      | Killed skk's ghost
  3709 | D:4      | Reached skill level 9 in Polearms
  3709 | D:4      | Reached XP level 8. HP: 55/63 MP: 8/8
  3777 | D:4      | Found a staircase to the Ecumenical Temple.
  3785 | Temple   | Entered the Ecumenical Temple
  4114 | D:5      | Entered Level 5 of the Dungeon
  4147 | D:5      | Reached **** piety under Trog
  4386 | D:5      | Got a faintly humming ring mail
  4397 | D:5      | Identified the +2 ring mail of Monotheism {Str+4} (You found it on level 5 of the Dungeon)
  4884 | D:5      | Reached skill level 10 in Polearms
  5366 | D:6      | Found a stormy altar of Qazlal.
  5367 | D:6      | Found a shadowy altar of Dithmenos.
  5454 | D:6      | Found Naistysm's Gadget Shoppe.
  5639 | D:6      | Noticed Edmund
  5667 | D:6      | Noticed Prince Ribbit
  5924 | D:6      | Reached skill level 11 in Polearms
  5924 | D:6      | Reached XP level 9. HP: 67/69 MP: 9/9
  6099 | D:6      | Killed Prince Ribbit
  6384 | D:6      | Noticed Crazy Yiuf
  6404 | D:6      | Killed Crazy Yiuf
  6640 | D:7      | Noticed Joseph
  6648 | D:7      | Killed Joseph
  6725 | D:7      | Gained mutation: You have a pair of small horns on your head. [mutagenic meat]
  6726 | D:7      | Gained mutation: You tend to lose your temper in combat. [mutagenic meat]
  6727 | D:7      | Gained mutation: You are partially covered in yellow scales (AC +2). [mutagenic meat]
  6728 | D:7      | Gained mutation: You are agile. (Dex +2) [mutagenic meat]
  6755 | D:7      | Reached skill level 12 in Polearms
  6756 | D:7      | Reached ***** piety under Trog
  6829 | D:7      | Found a bloodstained altar of Trog.
  6992 | D:7      | Noticed Moloch's ghost (novice MiBe)
  7341 | D:6      | Killed Edmund
  7551 | D:7      | Killed Moloch's ghost
  7551 | D:7      | Reached skill level 13 in Polearms
  7551 | D:7      | Reached XP level 10. HP: 41/77 MP: 10/10
  7735 | D:7      | Found a shimmering altar of Xom.
  7811 | D:7      | Noticed Duvessa
  7832 | D:7      | Killed Duvessa
  7834 | D:7      | Noticed Dowan
  7837 | D:7      | Killed Dowan
  8365 | D:8      | Got a smoking spear
  8366 | D:8      | Identified the +6 spear "Trog's Brutal Revenge" {freeze, rC++ rN+} (You found it on level 8 of the Dungeon)
  8529 | D:8      | Reached skill level 14 in Polearms
  8783 | D:8      | Noticed Fartwhistle's ghost (novice KoTm)
  8830 | D:8      | Killed Fartwhistle's ghost
  8912 | D:8      | Found a sparkling altar of Nemelex Xobeh.
  8957 | D:9      | Noticed Psyche
  8973 | D:9      | Killed Psyche
  9051 | D:9      | Reached skill level 15 in Polearms
  9051 | D:9      | Reached XP level 11. HP: 71/81 MP: 11/11
  9136 | D:9      | Received a gift from Trog
  9527 | D:9      | Found a basalt altar of Yredelemnul.
  9571 | D:9      | Found a white marble altar of Elyvilon.
  9710 | D:9      | Found a staircase to the Lair.
 10145 | D:10     | Entered Level 10 of the Dungeon
 10199 | Lair:1   | Entered Level 1 of the Lair of Beasts
 11053 | Lair:1   | Reached ****** piety under Trog
 11053 | Lair:1   | Received a gift from Trog
 11778 | Lair:2   | Reached skill level 5 in Fighting
 11980 | Lair:2   | Reached skill level 5 in Armour
 12038 | Lair:2   | Noticed Gastronok
 12060 | Lair:2   | Killed Gastronok
 12060 | Lair:2   | Reached XP level 12. HP: 93/93 MP: 12/12
 12063 | Lair:2   | Reached skill level 16 in Polearms
 12305 | Lair:2   | Noticed Urug
 12339 | Lair:2   | Killed Urug
 12608 | Lair:3   | Identified a scroll of acquirement
 12626 | Lair:3   | Found a staircase to the Swamp.
 12739 | Lair:3   | Found a labyrinth entrance.
 12748 | Lab      | Entered a labyrinth
 13794 | Lab      | Noticed a minotaur
 13803 | Lab      | Killed a minotaur
 13808 | Lab      | Identified Itecs's Almanac of Earthen Battle Magic
 13818 | Lab      | Got a ruby-encrusted leather armour
 13818 | Lab      | Got a tiger eye-studded plate armour
 13830 | Lab      | Identified the +2 leather armour "Fiatudgha" {*Confuse rC+ Int+8 Stlth-} (You found it in a labyrinth)
 13840 | Lab      | Identified the +8 plate armour of the Arcane {*Corrode rPois Str-4 Slay+5} (You found it in a labyrinth)
 13842 | Lab      | Identified a +5 rod of ignition (14/14) (You found it in a labyrinth)
 13843 | Lab      | Identified a +3 rod of ignition (14/14) (You found it in a labyrinth)
 13844 | Lab      | Identified a +4 rod of ignition (9/9) (You found it in a labyrinth)
 13994 | Lair:3   | Received a gift from Trog
 14578 | Lair:3   | Found a staircase to the Snake Pit.
 14718 | Lair:4   | Got a pair of brightly glowing gloves
 14724 | Lair:4   | Identified the +2 pair of gloves of Uniwkawk {rElec rCorr MP+9 Dex+3} (You acquired it on level 4 of the Lair of Beasts)
 14872 | Lair:4   | Found a frozen archway.
 14887 | IceCv    | Entered an ice cave
 15258 | IceCv    | Reached XP level 13. HP: 103/104 MP: 13/13
 15730 | Lair:4   | Identified the Almanac of the Doomed Entourage
 15780 | Lair:4   | Noticed Josephine
 15804 | Lair:4   | Killed Josephine
 16381 | Lair:5   | Received a gift from Trog
 16864 | Lair:5   | Reached skill level 17 in Polearms
 17465 | Lair:6   | Received a gift from Trog
 17524 | Lair:6   | Found a staircase to the Slime Pits.
 18252 | Lair:7   | Found a dark tunnel.
 18258 | Volcano  | Entered a volcano
 18798 | Lair:7   | Reached skill level 18 in Polearms
 19344 | Lair:8   | Entered Level 8 of the Lair of Beasts
 19635 | Lair:8   | Received a gift from Trog
 19635 | Lair:8   | Reached XP level 14. HP: 110/113 MP: 14/14
 19945 | Lair:8   | Reached skill level 19 in Polearms
 20053 | Lair:8   | Found a burning altar of Makhleb.
 20315 | Lair:8   | Found a gateway to Hell.
 20525 | Lair:8   | Found a blossoming altar of Fedhas.
 21472 | D:10     | Noticed ThereIsNoGod's ghost (journeyman MiFi)
 21484 | D:10     | Killed ThereIsNoGod's ghost
 21484 | D:10     | Reached skill level 20 in Polearms
 21489 | D:10     | Noticed Fannar
 21490 | D:10     | Received a gift from Trog
 21494 | D:10     | Killed Fannar
 22351 | D:11     | Found Sirolitwu's Assorted Antiques.
 22558 | D:11     | Found a flagged portal.
 22575 | Bailey   | Entered a bailey
 22692 | Bailey   | Received a gift from Trog
 23199 | D:12     | Found Ykufaal's Weapon Shoppe.
 23199 | D:12     | Found a staircase to the Orcish Mines.
 23469 | Orc:1    | Entered Level 1 of the Orcish Mines
 23555 | Orc:2    | Entered Level 2 of the Orcish Mines
 23847 | Orc:2    | Found Sinam's General Store.
 23931 | Orc:2    | Reached XP level 15. HP: 103/120 MP: 15/15
 23946 | Orc:2    | Received a gift from Trog
 23959 | Orc:2    | Found Lecwouz's Antique Armour Emporium.
 24147 | Orc:2    | Noticed an orc warlord
 24177 | Orc:2    | Killed an orc warlord
 24295 | Orc:2    | Found Puemn's Book Boutique.
 24338 | Orc:2    | Found a bloodstained altar of Trog.
 24343 | Orc:2    | Found Hanko's Gadget Boutique.
 24356 | Orc:2    | Noticed Sonja
 24371 | Orc:2    | Killed Sonja
 24662 | Orc:2    | Found a staircase to the Elven Halls.
 24663 | Orc:2    | Found Haoffes's Antique Weapon Shop.
 24689 | Orc:2    | Received a gift from Trog
 25056 | Orc:2    | Reached skill level 21 in Polearms
 26238 | D:12     | Gained mutation: Your body sometimes deteriorates upon taking damage. [mutagenic meat]
 26239 | D:12     | Gained mutation: You are frail (-10% HP). [mutagenic meat]
 26240 | D:12     | Gained mutation: You are very frail (-20% HP). [mutagenic meat]
 26424 | D:13     | Received a gift from Trog
 26650 | D:13     | Lost mutation: You are very frail (-20% HP). [mutagenic meat]
 26651 | D:13     | Gained mutation: You are partially covered in molten scales (AC +1). [mutagenic meat]
 26652 | D:13     | Gained mutation: You are surrounded by a mild repulsion field (EV +2). [mutagenic meat]
 27411 | D:14     | Found a snail-covered altar of Cheibriados.
 28096 | D:14     | Found a gate to the Vaults.
 28448 | D:15     | Entered Level 15 of the Dungeon
 28457 | D:15     | Found a staircase to the Depths.
 28457 | D:15     | Noticed a fire giant
 28581 | D:15     | Reached skill level 22 in Polearms
 28688 | D:15     | Killed a fire giant
 28871 | D:15     | Received a gift from Trog
 28886 | D:15     | Reached XP level 16. HP: 113/113 MP: 16/16
 29251 | D:15     | Lost mutation: You are frail (-10% HP). [mutagenic meat]
 29252 | D:15     | Gained mutation: You possess an exceptional clarity of mind. [mutagenic meat]
 29254 | D:15     | Lost mutation: Your body sometimes deteriorates upon taking damage. [mutagenic meat]
 29255 | D:15     | Gained mutation: Your system is resistant to poisons. [mutagenic meat]
 29256 | D:15     | Lost mutation: You have a pair of small horns on your head. [mutagenic meat]
 29328 | D:15     | Found Fitotiesch's Pet Rocks.
 29409 | Depths:1 | Entered Level 1 of the Depths
 29472 | Depths:1 | Gained mutation: You have a pair of small horns on your head. [mutagenic meat]
 29473 | Depths:1 | Gained mutation: Scrolls take you a little longer to read. [mutagenic meat]
 29474 | Depths:1 | Lost mutation: You have a pair of small horns on your head. [mutagenic meat]
 29477 | Depths:1 | Gained mutation: You are very agile. (Dex +4) [mutagenic meat]
 29478 | Depths:1 | Lost mutation: You tend to lose your temper in combat. [mutagenic meat]
 29495 | Depths:1 | You fall through a shaft!
 29495 | Depths:2 | Found a runed door.
 29495 | Depths:2 | Found a runed door.
 30872 | Depths:2 | Noticed Jorgrun
 31033 | Depths:2 | Reached skill level 23 in Polearms
 31247 | Depths:2 | Killed Jorgrun
 31310 | Depths:2 | Received a gift from Trog
 31714 | Depths:2 | Gained mutation: Your mind is acute. (Int +2) [mutagenic meat]
 31715 | Depths:2 | Gained mutation: Scrolls take you longer to read. [mutagenic meat]
 31718 | Depths:2 | Gained mutation: You can translocate small distances at will. [mutagenic meat]
 31720 | Depths:2 | Gained mutation: You occasionally shout uncontrollably at your foes. [mutagenic meat]
 32930 | Depths:3 | Reached XP level 17. HP: 118/133 MP: 17/17
 33107 | Depths:3 | Noticed a lich
 33746 | Depths:3 | Reached skill level 24 in Polearms
 34180 | Depths:3 | Received a gift from Trog
 35175 | Depths:3 | Received a gift from Trog
 35696 | Depths:3 | Noticed a Tzitzimitl
 35707 | Depths:3 | Killed a Tzitzimitl
 35830 | Depths:3 | Reached skill level 25 in Polearms
 35854 | Depths:3 | Lost mutation: Scrolls take you longer to read. [mutagenic meat]
 36124 | Depths:3 | Gained mutation: You tend to lose your temper in combat. [mutagenic meat]
 36126 | Depths:3 | Gained mutation: You evolve. [mutagenic meat]
 36641 | Depths:4 | Received a gift from Trog
 36702 | Depths:4 | Reached XP level 18. HP: 102/141 MP: 9/18
 36816 | Depths:4 | Gained mutation: Your muscles are strong. (Str +2) [evolution]
 37344 | Depths:4 | Mangled by a death yak

Vault maps used:
D:1:      dpeg_arrival_renting, minmay_rat_gold_closets
D:2:      first_bread, kennysheep_big_empty_room
D:3:      nicolae_tso_carved_into_rock, uniq_robin, uniq_grinder, uniq_natasha
D:4:      vehumet_statue, enter_ossuary_5, grunt_tough_drop
D:5:      grunt_ministairs_5
D:6:      grunt_temple_overflow_open, serial_shops,
          nicolae_shop_temple_entry_statues_fountains, uniq_menkaure,
          uniq_crazy_yiuf_cottage, uniq_prince_ribbit1, uniq_edmund
D:7:      trog_ov_bears_minmay, xom_confusion_cloud, uniq_duvessa, uniq_joseph
D:8:      marbit_many_paths, serial_undead, serial_undead_d, serial_undead_c,
          serial_undead_b, serial_undead_c, serial_undead_a, serial_undead_c,
          serial_undead_e, serial_undead_e
D:9:      yredelemnul_forgotten_temple_becter, erik_lair_orcish_takeover,
          basic_altar, uniq_psyche
D:10:     uniq_fannar
D:11:     enter_bailey_7, serial_shops, nicolae_shop_behind_doors
D:12:     orc_david_3
D:14:     grunt_vaults_entry_fortified, lemuel_doored_altar
D:15:     grunt_enter_depths_giant_problem, minmay_misc_feat_ornament,
          guppyfry_shop_earth
Temple:   triangle_lava_temple_12
Lair:1:   serial_forest, infiniplex_forest_clump_C,
          infiniplex_forest_clump_long, infiniplex_forest_clump_double,
          infiniplex_forest_clump_C, infiniplex_forest_clump_medium,
          infiniplex_forest_straight_3, eino_small_chamber_without_monster,
          grunt_megastairs_2
Lair:2:   minmay_lair_oklob_chamber, serial_bayou_pond_a, grunt_megastairs_5,
          uniq_gastronok, uniq_urug
Lair:3:   lemuel_ratsnest, swamp_mist_pool, minmay_snake_entry_guardpost_medium,
          lab_entry_generic
Lair:4:   portal_ice_cave_entry_pillars_02, uniq_josephine
Lair:5:   serial_bayou_shore_a, bh_autumn_forest_stairs, lemuel_fruit_tree
Lair:6:   minmay_slime_entry_oklob_enclosed
Lair:7:   enter_volcano_1
Lair:8:   evil_forest, tgw_fedhas
Orc:1:    uniq_maurice, uniq_erica, uniq_erolcha
Orc:2:    grunt_orc_gardens, grunt_orc_garden, grunt_orc_garden,
          grunt_orc_garden, grunt_orc_garden, basic_altar, roderic_batcave,
          nicolae_orc_rockfall, guppyfry_orc_lava_fort, uniq_sonja
Depths:1: grunt_mini_vestibule, minmay_misc_feat_four_crosses,
          hangedman_abyss_or_decor_stabs, bh_walls_and_bars,
          roderic_lattice_octagonal_star
Depths:2: lemuel_troll_bridge, pf_hell_entry_great_geh, uniq_jorgrun
Depths:3: lemuel_river_lethe, pan_entry, hell_entry
Depths:4: hangedman_grunt_twisty_little_passages, enter_ziggurat_e,
          nicolae_trove_entry_crossroad, hell_entry, abyss_entry,
          serial_sigils_hangedman_scratch, hex_tiny, grunt_ministairs_4,
          minmay_misc_feat_square
Lab:      nicolae_lab_diamond, nicolae_lab_big_swirl
Ossuary:  ossuary_due_pyramid
Bailey:   bailey_axe_1, bailey
IceCv:    ice_cave_tombish
Volcano:  volcano_village

Skill      XL: |  1  2  3  4  5  6  7  8  9 10 11 12 13 14 15 16 17 18 |
---------------+-------------------------------------------------------+-----
Polearms       | 3 4 5 6 7 9 11 13 15 16 18 20 22 23 25 | 25.2
Armour         | 5 7 |  7.7
Fighting       | 5 7 8 |  8.1
Dodging        | |  1.3

Action                   |  1- 3 |  4- 6 |  7- 9 | 10-12 | 13-15 | 16-18 || total
-------------------------+-------+-------+-------+-------+-------+-------++-------
Melee: Spear             |   122 |   221 |       |   571 |       |       ||   914
       Kick              |    17 |    35 |   113 |   246 |   380 |   538 ||  1329
       Trident           |       |    33 |   334 |       |       |       ||   367
       Halberd           |       |       |   249 |   389 |  1031 |       ||  1669
       Headbutt          |       |       |    15 |   173 |   237 |     5 ||   430
       Glaive            |       |       |       |       |   339 |  1239 ||  1578
Throw: Javelin           |       |       |       |       |     2 |       ||     2
Invok: Berserk           |     1 |     1 |     7 |    11 |     8 |    17 ||    45
       Trog's Hand       |       |     1 |       |     2 |     2 |     1 ||     6
       Brothers in Arms  |       |       |     1 |     3 |     2 |     6 ||    12
       Burn Spellbooks   |       |       |       |     3 |     3 |       ||     6
 Abil: Evoke Flight      |       |       |       |       |       |     1 ||     1
Evoke: Club              |       |       |       |     1 |     3 |    13 ||    17
  Use: Scroll            |       |     5 |     7 |    14 |    12 |     8 ||    46
       Potion            |       |       |     3 |       |       |     4 ||     7
 Stab: Distracted        |     1 |       |       |       |       |     2 ||     3
  Eat: Chunk             |       |     7 |    20 |    31 |    53 |    65 ||   176
       Royal jelly       |       |       |     1 |       |       |       ||     1
       Fruit             |       |       |     1 |     4 |       |     4 ||     9
       Pizza             |       |       |     1 |     3 |     4 |     1 ||     9
       Beef jerky        |       |       |       |       |     2 |     2 ||     4
Armor: Chain mail        |    45 |   111 |   275 |   143 |       |       ||   574
       Animal skin       |     1 |       |       |       |       |       ||     1
       Plate armour      |       |       |       |    59 |   604 |   610 ||  1273
       Scale mail        |       |       |       |       |    15 |       ||    15
Dodge: Dodged            |    24 |    45 |   107 |    61 |   107 |   186 ||   530
